 Dungeon Crawl Stone Soup version 0.27-a0-899-ge2d0b17c59 (webtiles) character file.

Game seed: 7812884078692364129

237 mhtbhm the Cudgeller (level 6, -8/38 HPs)
             Began as a Gargoyle Berserker on Apr 5, 2021.
             Was a Believer of Trog.
             Mangled by an iguana (10 damage)
             ... on level 4 of the Dungeon.
             The game lasted 00:04:20 (2876 turns).

mhtbhm the Cudgeller (Gargoyle Berserker)           Turns: 2876, Time: 00:04:20

Health: -8/38      AC: 10    Str: 23    XL:     6   Next: 6%
Magic:  6/6        EV: 11    Int:  7    God:    Trog [**....]
Gold:   33         SH:  0    Dex:  9    Spells: 5/5 levels left

rFire    . . .     SeeInvis .   a - +0 mace
rCold    . . .     Faith    .   (no shield)
rNeg     + . .     Spirit   .   b - +0 ring mail
rPois    ∞         Reflect  .   (no helmet)
rElec    +         Harm     .   (no cloak)
rCorr    .         Rampage  .   (no gloves)
Will     .....                  (no boots)
Stlth    +.........             (no amulet)
HPRegen  0.12/turn              (no ring)
MPRegen  0.10/turn              (no ring)

@: berserk cooldown
A: AC +4, negative energy resistance 1, electricity resistance, torment
resistance 1, unbreathing 1, petrification resistance
a: Renounce Religion, Berserk, Trog's Hand


You were on level 4 of the Dungeon.
You worshipped Trog.
Trog was pleased with you.
You visited 1 branch of the dungeon, and saw 5 of its levels.

You collected 156 gold pieces.
You spent 123 gold pieces at shops.

Inventory:

Hand Weapons
 a - a +0 mace (weapon)
Armour
 b - a +0 ring mail (worn)
Scrolls
 e - a scroll of magic mapping
 f - 3 scrolls of identify


   Skills:
 + Level 4.2 Fighting
 + Level 4.6 Maces & Flails
 + Level 3.6 Armour
 + Level 2.5 Dodging
 + Level 1.3 Stealth


You had 5 spell levels left.
You didn't know any spells.
Your spell library was empty.

Dungeon Overview and Level Annotations

Branches:
Dungeon (5/15)
 Temple: D:4-7

Altars:

Shops:
D:2 (   D:3 ?   D:5 *


Innate Abilities, Weirdness & Mutations

Your stone body is resilient. (AC +4)
You are immune to poison.
You resist negative energy. (rN+)
You are resistant to electric shocks. (rElec)
You are resistant to unholy torment.
You can survive without breathing.
You are immune to petrification.


Message History

The hound bites you but does no damage. The gnoll is pulled toward you!
The hound closely misses you. The gnoll is pulled toward you!
The hound bites you but does no damage. x2; The gnoll is pulled toward you!
The gnoll hits you but does no damage. The hound bites you but does no damage.
The gnoll is pulled toward you!
You feel less attractive to monsters. The hound bites you.
* * * LOW HITPOINT WARNING * * *
The hound bites you but does no damage. The gnoll barely misses you.
You feel yourself speed up. The hound bites you but does no damage.
The hound barely misses you.
Found 20 stones.
The hound bites you but does no damage. The hound closely misses you.
Found a stone staircase leading up.
The hound barely misses you.
There is a stone staircase leading up here.
The hound bites you but does no damage. x2
You climb upwards.
The iguana hisses angrily.
Found 13 gold pieces.
There is a stone staircase leading down here.
Unknown command.
You closely miss the hound.
The hound is lightly wounded.
The hound bites you but does no damage. The hound closely misses you.
You thump the hound!
The hound is heavily wounded.
The hound bites you.
* * * LOW HITPOINT WARNING * * *
The iguana bites you.
* * * LOW HITPOINT WARNING * * *
Unknown command.
You aren't carrying any potions.
Unknown command.
Okay, then.
You sock the hound!
The hound is almost dead.
The hound bites you but does no damage. The iguana bites you!
You die...

#.....#
#.....#
#.....#
#.....##
#......#
#......+
#...l.$#
#....@h#
#......#
#......#
########


You could see an iguana and a hound.

Vanquished Creatures
  A sky beast (D:5)
  A hound (D:5)
  4 gnolls
  2 adders
  5 orcs
  8 ball pythons
  3 bats
  5 endoplasms
  4 goblins
  8 hobgoblins
  4 jackals
  2 kobolds
  A quokka (D:3)
  3 frilled lizards
  7 rats
58 creatures vanquished.

Notes
Turn   | Place    | Note
-------+----------+-------------------------------------------
     0 | D:1      | mhtbhm the Gargoyle Berserker began the quest for the Orb.
     0 | D:1      | Reached XP level 1. HP: 14/14 MP: 1/1
   133 | D:1      | Reached XP level 2. HP: 19/19 MP: 2/2
   468 | D:1      | Found a faded altar of an unknown god.
   874 | D:2      | Reached XP level 3. HP: 9/24 MP: 3/3
   889 | D:2      | Reached ** piety under Trog
  1354 | D:2      | Found Woku's Antique Weapon Shoppe.
  1893 | D:4      | Reached XP level 4. HP: 7/29 MP: 4/4
  2438 | D:3      | Found Ucifall's Magic Scroll Shop.
  2449 | D:3      | Bought a scroll of identify for 26 gold pieces
  2449 | D:3      | Bought a scroll of identify for 26 gold pieces
  2449 | D:3      | Bought a scroll of identify for 26 gold pieces
  2449 | D:3      | Bought a scroll of magic mapping for 45 gold pieces
  2784 | D:4      | Reached skill level 1 in Stealth
  2784 | D:4      | Reached XP level 5. HP: 33/33 MP: 5/5
  2791 | D:4      | You fall into a shaft and drop 1 floor!
  2791 | D:5      | Entered Level 5 of the Dungeon
  2810 | D:5      | Found Itoodaha's Serpentskin Sales.
  2810 | D:5      | Noticed a water moccasin
  2816 | D:5      | Noticed a sky beast
  2825 | D:5      | Killed a sky beast
  2826 | D:5      | Reached XP level 6. HP: 17/38 MP: 6/6
  2876 | D:4      | Mangled by an iguana

Illustrated notes

Levels and vault maps discovered:
D:1:      lemuel_arrival_tunnels, layout_basic,
          shapermc_ecumenical_altar_totnotflames
D:2:      layout_rooms, serial_glass, glass_columns_a, glass_columns_a,
          serial_shops, shop_fountains, chequers_serial_rivers_micro_b,
          minmay_misc_feat_chi
D:3:      layout_rooms, serial_shops, shop
D:4:      layout_gridville, chequers_temple_overflow_statue_of_worship,
          minivault_4
D:5:      lemuel_castle_with_subvaults [lemuel_castle_interior_carwin_3],
          layout_layer_cave, guppyfry_shop_venom

Skill      XL: |  1  2  3  4  5 |
---------------+----------------+-----
Dodging        | 2 |  2.5
Maces & Flails | 4 |  4.6
Stealth        | 1 |  1.3
Fighting       | 4 |  4.2
Armour         | 3 |  3.6

Action                   |  1- 3 |  4- 6 || total
-------------------------+-------+-------++-------
Melee: Mace              |   125 |    68 ||   193
Invok: Berserk           |     3 |     1 ||     4
  Use: Scroll            |       |     8 ||     8
       Potion            |       |     2 ||     2
 Stab: Sleeping          |     1 |       ||     1
       Fleeing           |       |     1 ||     1
Armor: Animal skin       |    22 |       ||    22
       Ring mail         |    33 |    48 ||    81
Dodge: Dodged            |   106 |    56 ||   162

Table legend: (Time is in decaauts)
 A = Elapsed time spent in this place.
 B = Non-inter-level travel time spent in this place.
 C = Inter-level travel time spent in this place.
 D = Time resting spent in this place.
 E = Time spent auto-exploring this place.
 F = Levels seen in this place.
 G = Mean time per level.
                   A        B        C        D        E       F      G
               +--------+--------+--------+--------+--------+-----+--------+
         Total |   2950 |   2916 |     34 |    656 |   1705 |   5 |  590.0 |
       Dungeon |   2950 |   2916 |     34 |    656 |   1705 |   5 |  590.0 |
               +--------+--------+--------+--------+--------+-----+--------+

Top non-repeatable levels by time:
     D:1: 1031 daAuts
     D:2: 700 daAuts
     D:3: 695 daAuts
     D:4: 424 daAuts
     D:5: 98 daAuts
